 Dungeon Crawl Stone Soup version 0.30-a0-373-gd37427bb62 (webtiles) character file.

Game seed: 4776245723132703653

1137 dracfodder the Conjurer (level 8, -6/42 (61) HPs)
             Began as a Red Draconian Conjurer on Nov 24, 2022.
             Mangled by Edmund
             ... wielding a +2 flail of draining
              (8 damage)
             ... on level 5 of the Dungeon.
             The game lasted 00:27:22 (6187 turns).

dracfodder the Conjurer (Red Draconian Conjurer)    Turns: 6187, Time: 00:27:23

HP:   -6/42 (61)    AC:  6    Str: 16    XL:     8   Next: 14%
MP:   3/15          EV: 13    Int: 21    God:
Gold: 256           SH:  0    Dex: 15    Spells: 8/17 levels left

rFire   + . .      SeeInvis .    b - +2 spear
rCold   . . .      Faith    .    (no shield)
rNeg    . . .      Spirit   .    (body armour unavailable)
rPois   .          Reflect  .    (helmet restricted)
rElec   .          Harm     .    (no cloak)
rCorr   .          Rampage  .    (no gloves)
Will    .....                    (no boots)
Stlth   ++........               (no amulet)
HPRegen 0.27/turn                d - +6 ring of strength
MPRegen 0.14/turn                i - +6 ring of dexterity

@: very heavily drained
A: breathe fire, AC +6, unfitting armour, fire resistance 1, cold-blooded
a: Breathe Fire


You were on level 5 of the Dungeon.
You visited 1 branch of the dungeon, and saw 5 of its levels.

You collected 256 gold pieces.

Inventory:

Hand Weapons
 a - a +1 dagger of flaming
 b - a +2 spear (weapon)
Missiles
 g - 3 curare-tipped darts
Jewellery
 d - a +6 ring of strength (left hand)
 i - a +6 ring of dexterity (right hand)
 j - a +6 ring of strength
Scrolls
 c - a scroll of noise {unknown}
 f - a scroll of teleportation {unknown}
 h - a scroll of identify
 k - a scroll of poison {unknown}
 m - a scroll of amnesia
Potions
 e - a potion of magic
 l - 2 potions of haste {unknown}


   Skills:
 + Level 1.8 Fighting
 + Level 2.3 Polearms
 + Level 0.7 Throwing
 + Level 3.3 Dodging
 + Level 3.2 Stealth
 + Level 5.0 Spellcasting
 + Level 7.0 Conjurations
 + Level 1.4 Translocations


You had 8 spell levels left.
You knew the following spells:

 Your Spells              Type           Power      Damage    Failure   Level
a - Magic Dart            Conj           100%       1d8       1%          1
b - Searing Ray           Conj           68%        2d6       1%          2
c - Dazzling Flash        Conj/Hex       40%        N/A       8%          3
d - Gell's Gravitas       Tloc           11%        N/A       19%         3

Your spell library contained the following spells:

 Spells                   Type           Power      Damage    Failure   Level
 Teleport Other           Tloc           11%        N/A       19%         3
 Iskenderun's Mystic Bla  Conj/Tloc      23%        2d6       19%         4
 Fulminant Prism          Conj/Hex       10%        3d9       26%         4
 Agony                    Necr           5%         N/A       96%         5
 Silence                  Hex/Air        2%         N/A       96%         5
 Dispersal                Tloc           5%         N/A       100%        6


Dungeon Overview and Level Annotations

Branches:
Dungeon (5/15)
 Temple: D:4-7

Altars:
Hepliaklqana
Zin

Annotations:
D:5 Edmund


Innate Abilities, Weirdness & Mutations

You can breathe blasts of fire.
Your fiery red scales are hard. (AC +6)
You cannot fit into any form of body armour.
Your flesh is heat resistant. (rF+)
You are cold-blooded and may be slowed by cold attacks.


Message History

Aiming: Searing Ray (safe; 1% risk of failure)
Press: ? - help, Q - select action, (/) - cycle Shift-Dir - straight line, f/p - Edmund
Aim: Edmund, wielding a +2 flail of draining, wearing a +4 scale mail of cold resistance and carrying a wand of digging (6) (heavily wounded, 83% to hit)
The searing ray misses Edmund. (Press . to maintain the ray.) Edmund hits you with a +2 flail of draining.
You feel drained.
The searing ray hits Edmund!
Edmund is severely wounded.
Edmund hits you with a +2 flail of draining!
You feel drained.
The searing ray hits Edmund!
Edmund is almost dead.
Edmund closely misses you.
The searing ray hits Edmund but does no damage.
Edmund is almost dead.
You finish channelling your searing ray.
Edmund hits you with a +2 flail of draining!
You feel drained.
* * * LOW HITPOINT WARNING * * *
Edmund hits you with a +2 flail of draining.
* * * LOW HITPOINT WARNING * * *
You feel drained.
* * * LOW HITPOINT WARNING * * *
Aiming: Searing Ray (safe; 1% risk of failure)
Press: ? - help, Q - select action, (/) - cycle Shift-Dir - straight line, f/p - Edmund
Aim: Edmund, wielding a +2 flail of draining, wearing a +4 scale mail of cold resistance and carrying a wand of digging (6) (almost dead, 83% to hit)
The searing ray hits Edmund but does no damage.
Edmund is almost dead. (Press . to maintain the ray.) Edmund hits you with a +2 flail of draining.
* * * LOW HITPOINT WARNING * * *
You feel drained.
The searing ray misses Edmund.
Edmund hits you with a +2 flail of draining.
* * * LOW HITPOINT WARNING * * *
You feel drained.
The searing ray misses Edmund.
Edmund hits you with a +2 flail of draining!
You die...

#.. ##... #..... .....
##...# ### ## #
##....###.# #.# #.
##.........###.#
#.##...........#@#
...#....#.......#@......
........##..##.####.....
......##....##...#. )#..
###..#.....##.... #
#................
#.....#....#.....
###.#.....##†##....
....##..### .# #...


You could see Edmund.

Vanquished Creatures
  Pikel (D:4)
  Grinder (D:4)
  2 lemures (D:4)
  A necrophage (D:4)
  2 scorpions (D:5)
  A hound (D:4)
  A jelly (D:4)
  2 iguanas (D:4)
  2 orc wizards (D:4)
  3 adders (D:3)
  2 dart slugs
  An orc (D:4)
  6 endoplasms
  7 giant cockroaches
  19 goblins
  12 hobgoblins
  6 jackals
  5 kobolds
  2 quokkas (D:1)
  7 ball pythons
  10 bats
  3 frilled lizards
  7 rats
103 creatures vanquished.

Notes
Turn   | Place    | Note
-------+----------+-------------------------------------------
     0 | D:1      | dracfodder the Draconian Conjurer began the quest for the
                  | Orb.
     0 | D:1      | Reached XP level 1. HP: 14/14 MP: 3/3
   247 | D:1      | Found a faded altar of an unknown god.
   323 | D:1      | Reached XP level 2. HP: 20/20 MP: 1/5
   326 | D:1      | Learned a level 2 spell: Searing Ray
  1179 | D:2      | Reached XP level 3. HP: 26/26 MP: 3/6
  1627 | D:2      | Reached skill level 5 in Conjurations
  1745 | D:2      | Found a glowing silver altar of Zin.
  2057 | D:2      | Learned a level 3 spell: Dazzling Flash
  2290 | D:2      | Reached XP level 4. HP: 33/33 MP: 4/7
  3256 | D:3      | Found a hazy altar of Hepliaklqana.
  4162 | D:4      | Reached XP level 5. HP: 36/38 MP: 3/9
  4222 | D:4      | Noticed a lemure
  4222 | D:4      | Noticed a lemure
  4235 | D:4      | Noticed a lemure
  4256 | D:4      | Killed a lemure
  4256 | D:4      | Killed a lemure
  4517 | D:4      | Learned a level 3 spell: Gell's Gravitas
  4689 | D:4      | Noticed Grinder
  4717 | D:4      | Killed Grinder
  4718 | D:4      | Reached skill level 1 in Polearms
  4718 | D:4      | Reached skill level 6 in Conjurations
  4718 | D:4      | Reached XP level 6. HP: 37/46 MP: 4/11
  4926 | D:4      | Reached skill level 1 in Fighting
  5125 | D:4      | Your scales start taking on a fiery red colour.
  5125 | D:4      | Reached XP level 7. HP: 52/52 MP: 3/13
  5125 | D:4      | Gained mutation: Your flesh is heat resistant. (rF+) [Red
                  | Draconian growth]
  5480 | D:4      | Noticed Pikel
  5494 | D:4      | Killed Pikel
  5495 | D:4      | Reached skill level 1 in Translocations
  5495 | D:4      | Reached XP level 8. HP: 35/60 MP: 5/15
  5978 | D:5      | Entered Level 5 of the Dungeon
  5994 | D:5      | Reached skill level 5 in Spellcasting
  5994 | D:5      | Reached skill level 7 in Conjurations
  6154 | D:5      | Noticed Edmund
  6186 | D:5      | HP: 2/43 [Edmund/+2 flail of draining (1)]
  6187 | D:5      | Mangled by Edmund

Illustrated notes

Levels and vault maps discovered:
D:1:      tarquinn_simple_flora_water_f, layout_loops_ring,
          ebering_ecumenical_altar_petrified
D:2:      layout_loops_ring, basic_altar, minmay_goblin_outpost
D:3:      layout_basic, mainiacjoe_overflow_paths, minmay_misc_feat_square
D:4:      layout_layer_cave, minmay_cupped, uniq_grinder, uniq_pikel
D:5:      layout_cave_pools, uniq_edmund

Skill      XL: |  1  2  3  4  5  6  7  8 |
---------------+-------------------------+-----
Conjurations   | 5 6 7 |  7.0
Dodging        | 2 3 |  3.3
Stealth        | 2 3 |  3.2
Spellcasting   | 3 4 5 |  5.0
Polearms       | 1 2 |  2.3
Fighting       | 1 |  1.8
Translocations | 1 |  1.4
Throwing       | |  0.7

Action                   |  1- 3 |  4- 6 |  7- 9 || total
-------------------------+-------+-------+-------++-------
Melee: Spear             |    46 |    35 |     9 ||    90
       Tailslap          |     3 |     5 |     3 ||    11
Throw: Dart              |       |     3 |       ||     3
 Cast: Magic Dart        |    55 |    50 |     6 ||   111
       Searing Ray       |    22 |    21 |    10 ||    53
       Gell's Gravitas   |       |     2 |       ||     2
 Abil: Breathe Fire      |       |       |     3 ||     3
  Use: Scroll            |     1 |     4 |       ||     5
       Potion            |       |     2 |     1 ||     3
Armor: Skin              |    11 |    17 |     6 ||    34
Dodge: Dodged            |    33 |    24 |    19 ||    76

Table legend: (Time is in decaauts)
 A = Elapsed time spent in this place.
 B = Non-inter-level travel time spent in this place.
 C = Inter-level travel time spent in this place.
 D = Time resting spent in this place.
 E = Time spent auto-exploring this place.
 F = Levels seen in this place.
 G = Mean time per level.
                   A        B        C        D        E       F      G
               +--------+--------+--------+--------+--------+-----+--------+
         Total |   6193 |   6006 |    187 |   1844 |   3468 |   5 | 1238.6 |
       Dungeon |   6193 |   6006 |    187 |   1844 |   3468 |   5 | 1238.6 |
               +--------+--------+--------+--------+--------+-----+--------+

Top non-repeatable levels by time:
     D:4: 1851 daAuts
     D:3: 1625 daAuts
     D:2: 1332 daAuts
     D:1: 1175 daAuts
     D:5: 208 daAuts
